 Dungeon Crawl Stone Soup version 0.21-a0-522-ga8338f0 (webtiles) character file.

511 slep the Chopper (level 6, -1/56 HPs)
             Began as a Minotaur Fighter on Dec 7, 2017.
             Was a Believer of Okawaru.
             Killed from afar by an orc wizard (7 damage)
             ... with a puff of frost
             ... on level 4 of the Dungeon.
             The game lasted 00:07:48 (2207 turns).

slep the Chopper (Minotaur Fighter)                 Turns: 2207, Time: 00:07:51

Health: -1/56      AC:  6    Str: 21    XL:     6   Next: 99%
Magic:  5/5        EV: 10    Int:  5    God:    Okawaru [**....]
Gold:   173        SH: 10    Dex: 11    Spells: 5/5 levels left

rFire    . . .     SeeInvis .   t - -1 hand axe (curse)
rCold    . . .     Gourm    .   c - +0 shield
rNeg     . . .     Faith    .   u - +0 leather armour (curse)
rPois    .         Spirit   .   (helmet restricted)
rElec    .         Reflect  .   m - +0 cloak
rCorr    .         Harm     .   (no gloves)
MR       .....                  q - +0 pair of boots
Stlth    +.........             o - amulet of magic regeneration
HPRegen  0.18/turn              l - ring of wizardry
MPRegen  0.34/turn              (no ring)

@: no status effects
A: retaliatory headbutt, horns 2
a: Heroism, Renounce Religion


You were on level 4 of the Dungeon.
You worshipped Okawaru.
Okawaru was pleased with you.
You were hungry.

You visited 1 branch of the dungeon, and saw 4 of its levels.

You collected 173 gold pieces.

Inventory:

Hand Weapons
 a - a +0 war axe
 t - a cursed -1 hand axe (weapon)
Armour
 b - a +0 scale mail
 c - a +0 shield (worn)
 m - a +0 cloak (worn)
 q - a +0 pair of boots (worn)
 u - a cursed +0 leather armour (worn)
Jewellery
 l - a ring of wizardry (left hand)
 o - an amulet of magic regeneration (around neck)
Scrolls
 g - 3 scrolls of teleportation {unknown}
 i - 5 scrolls of identify {unknown}
 k - a scroll of blinking {unknown}
 r - a scroll of noise {unknown}
 s - a scroll of enchant weapon {unknown}
 v - 3 scrolls of remove curse {unknown}
Potions
 d - a potion of might
 e - a potion of heal wounds {unknown}
 h - a potion of curing {unknown}
 j - a potion of lignification {unknown}
 n - a potion of agility {unknown}
 p - a potion of haste {unknown}
Comestibles
 f - 3 bread rations


   Skills:
 + Level 5.0 Fighting
 + Level 6.0 Axes
 + Level 5.2 Armour
 + Level 1.9 Dodging
 + Level 5.1 Shields


You had 5 spell levels left.
You didn't know any spells.

Dungeon Overview and Level Annotations

Branches:
Dungeon (4/15)
 Temple: D:4-7

Altars:
Nemelex Xobeh
Okawaru
Qazlal
Wu Jian
The Shining One


Innate Abilities, Weirdness & Mutations

You reflexively headbutt those who attack you in melee.
You have a pair of horns on your head.


Message History

Something hits you but does no damage.
You miss the leopard gecko. You headbutt the leopard gecko.
The leopard gecko is severely wounded.
You completely miss something. You block the leopard gecko's attack.
Something hits you.
* * * LOW HITPOINT WARNING * * *
The leopard gecko closely misses you.
You hit the leopard gecko but do no damage.
Your headbutt misses the leopard gecko.
The leopard gecko is severely wounded.
You hit something. You block something's attack.
You block the leopard gecko's attack. Something hits you but does no damage.
You slash the leopard gecko!
You kill the leopard gecko!
Okawaru accepts your kill.
You miss something. You block something's attack.
You hear some strange, mumbled words.
A puff of frost appears from out of thin air!
The puff of frost hits you!
You die...

##################
#................#
#@##############.#
......{)# #.#
........# #.#
........# #..
......... ###
#........
#........
#........#


There were no monsters in sight!

Vanquished Creatures
  Grinder (D:3)
  An ogre (D:3)
  Crazy Yiuf (D:3)
  An orc priest (D:3)
  An orc wizard (D:4)
  4 adders
  2 oozes
  2 worms (D:2)
  A dart slug (D:1)
  3 leopard geckos
  13 orcs
  3 giant cockroaches
  11 goblins
  9 hobgoblins
  2 quokkas
  2 ball pythons
  10 bats
  2 frilled lizards (D:1)
  6 kobolds
  7 rats
82 creatures vanquished.

Notes
Turn   | Place    | Note
-------+----------+-------------------------------------------
     0 | D:1      | slep the Minotaur Fighter began the quest for the Orb.
     0 | D:1      | Reached XP level 1. HP: 19/19 MP: 0/0
    66 | D:1      | Reached XP level 2. HP: 27/27 MP: 1/1
   257 | D:1      | Reached XP level 3. HP: 33/33 MP: 2/2
   516 | D:2      | Found an iron altar of Okawaru.
   522 | D:2      | Became a worshipper of Warmaster Okawaru
   578 | D:2      | Reached skill level 3 in Axes
   658 | D:2      | Found a sparkling altar of Nemelex Xobeh.
   707 | D:2      | Found a stormy altar of Qazlal.
   872 | D:2      | Reached XP level 4. HP: 35/40 MP: 3/3
  1085 | D:2      | Found an ornate altar of the Wu Jian Council.
  1086 | D:2      | Found a glowing golden altar of the Shining One.
  1205 | D:3      | Reached skill level 1 in Dodging
  1264 | D:3      | Noticed Grinder
  1271 | D:3      | Paralysed by Grinder for 5 turns
  1278 | D:3      | Killed Grinder
  1278 | D:3      | Reached * piety under Okawaru
  1278 | D:3      | Reached skill level 5 in Axes
  1278 | D:3      | Reached XP level 5. HP: 27/47 MP: 4/4
  1278 | D:3      | Reached XP level 6. HP: 30/53 MP: 5/5
  1685 | D:3      | Reached skill level 5 in Armour
  1685 | D:3      | Reached skill level 5 in Shields
  2007 | D:3      | Found a runed door.
  2011 | D:3      | Noticed Crazy Yiuf
  2018 | D:3      | Killed Crazy Yiuf
  2018 | D:3      | Reached ** piety under Okawaru
  2018 | D:3      | Reached skill level 5 in Fighting
  2198 | D:4      | Reached skill level 6 in Axes
  2207 | D:4      | Killed from afar by an orc wizard

Vault maps used:
D:1:      giann_horns, st_stairs_4, minmay_pentomino_z4
D:2:      nicolae_overflow_hidden_temple, gammafunk_temple_overflow_pools,
          old_standard_altar, okawaru_gym_becter, kennysheep_generic_room_15
D:3:      first_bread, uniq_crazy_yiuf_cottage, uniq_grinder
D:4:      minmay_temple_entry_glass, uniq_blork_the_orc

Skill      XL: |  1  2  3  4  5  6 |
---------------+-------------------+-----
Fighting       | 4 5 |  5.0
Shields        | 4 5 |  5.1
Armour         | 4 5 |  5.2
Axes           | 3 5 6 |  6.0
Dodging        | 1 |  1.9

Action                   |  1- 3 |  4- 6 || total
-------------------------+-------+-------++-------
Melee: War axe           |    91 |    90 ||   181
       Headbutt          |    13 |    16 ||    29
       Hand axe          |       |    21 ||    21
  Use: Potion            |       |     1 ||     1
  Eat: Chunk             |       |     4 ||     4
Armor: Scale mail        |    50 |    25 ||    75
       Leather armour    |       |    14 ||    14
Dodge: Dodged            |    24 |    28 ||    52
Block: Shield            |    35 |    40 ||    75

Table legend:
 A = Spawn XP
 B = Non-spawn XP
 C = Spawn XP percentage of total XP
 D = Spawn monster count
 E = Non-spawn monster count
 F = Spawn count percentage of total count
 G = Total turns spent on level
                    A         B        C        D         E        F      G
               +---------+---------+-------+---------+---------+-------+---------
         Total |       0 |     731 |   0.0 |       0 |      82 |   0.0 |  2207
               +---------+---------+-------+---------+---------+-------+---------
           D:1 |       0 |      49 |   0.0 |       0 |      29 |   0.0 |   504
           D:2 |       0 |      64 |   0.0 |       0 |      18 |   0.0 |   680
           D:3 |       0 |     556 |   0.0 |       0 |      25 |   0.0 |   872
           D:4 |       0 |      62 |   0.0 |       0 |      10 |   0.0 |   151
               +---------+---------+-------+---------+---------+-------+---------
